 Dungeon Crawl Stone Soup version bcrawl-1.12-10-g10a67aac0f (webtiles) character file.

Game seed: 18347964128049182362

149 Banto the Insei (level 5, -24/34 HPs)
             Began as an Octopode Transmuter on June 13, 2019.
             Killed from afar by a hobgoblin (45 damage)
             ... with an exploding inner flame
             ... hexed by the player character
             ... on level 3 of the Dungeon.
             The game lasted 00:02:06 (2306 turns).

Banto the Insei (Octopode Transmuter)               Turns: 2306, Time: 00:02:06

Health: -24/34     AC:  1    Str:  9    XL:     5   Next: 31%
Magic:  9/9        EV: 14    Int: 16    God:
Gold:   179        SH:  6    Dex: 13    Spells: 4/9 levels left

rFire    . . .     SeeInvis .     - Unarmed
rCold    . . .     Gourm    .   (no shield)
rNeg     . . .     Faith    .   (helmet restricted)
rPois    .         Spirit   .   (cloak restricted)
rElec    .         Reflect  +   e - +6 amulet of reflection
rCorr    .         Harm     .   (no ring)
MR       .....                  (no ring)
Stlth    ++........             (no ring)
HPRegen  0.11/turn              (no ring)
MPRegen  0.11/turn              (no ring)
                                (no ring)
                                (no ring)
                                (no ring)

@: no status effects
A: almost no armour, stealthy swim, amphibious, 8 rings, constrict 8, camouflage
1, gelatinous body 1
a: no special abilities


You were on level 3 of the Dungeon.
You were not hungry.

You visited 1 branch of the dungeon, and saw 3 of its levels.

You collected 179 gold pieces.

Inventory:

Missiles
 a - 247 arrows
Jewellery
 e - a +6 amulet of reflection (around mantle)
Scrolls
 b - a scroll of fear
 g - 2 scrolls of remove curse
 h - a scroll of amnesia
Potions
 c - a potion of lignification
 f - a potion of mutation
 l - a potion of heal wounds
 n - 2 potions of curing
Comestibles
 d - 2 rations {!d}
 k - 5 chunks of flesh


   Skills:
 + Level 2.3 Fighting
 + Level 2.9 Dodging
 + Level 3.7 Unarmed Combat
 + Level 2.8 Spellcasting
 + Level 2.9 Transmutations


You had 4 spell levels left.
You knew the following spells:

 Your Spells              Type           Power        Failure   Level  Hunger
b - Sticks to Snakes      Tmut           ##......     9%          2    ##.....
c - Spider Form           Tmut/Pois      #.........   32%         3    ###....

Your spell library contained the following spells:

 Spells                   Type           Power        Failure   Level  Hunger
 Beastly Appendage        Tmut           ##....       6%          1    #......
 Ice Form                 Ice/Tmut       #.......     71%         4    #####..
 Blade Hands              Tmut           ##........   85%         5    ######.


Dungeon Overview and Level Annotations

Branches:
Dungeon (3/12)

Altars:


Innate Abilities, Weirdness & Mutations

You cannot wear most types of armour.
You are very stealthy in the water. (Stealth+)
You are amphibious.
You can wear up to eight rings at the same time.
You can use your tentacles to constrict eight enemies at once.
Your skin changes colour to match your surroundings (Stealth+).
Your rubbery body absorbs attacks. (AC +1, EV +1)


Message History

The scroll dissolves into smoke.
It was a scroll of fog.
As you read the scroll labeled UGALUSSULI, it crumbles to dust.
The creatures around you are filled with an inner flame!
It was a scroll of immolation.
The hobgoblin shouts!
You tentacle-slap the hobgoblin. Your grab misses the hobgoblin.
The hobgoblin is heavily wounded.
The hobgoblin completely misses you.
You closely miss the hobgoblin. Your grab misses the hobgoblin.
The hobgoblin is heavily wounded.
The hobgoblin hits you with a +0 club.
You tentacle-slap the hobgoblin. You grab the hobgoblin.
The hobgoblin is severely wounded.
You constrict the hobgoblin, but do no damage.
The hobgoblin completely misses you.
You tentacle-slap the hobgoblin.
The hobgoblin explodes!
The fiery explosion engulfs you!
Ouch! That really hurt!
You die...

#.# #. #.#.##### #.#
#####.### ###.# #o....###
#.#.### #o#.....# #.#...##
#S#.###.# #.#....# #.#.#
#.# #...##.# #.#.###.#
#.#.##§####.#...(.#
#########.#.).§§@§§.####.##
#.............§§###.####.#
#.....)...####§§##.......#
#...<..^..# #..##.#######
#.........#
##.##.##########
#.........# #........)....#
#.........# ##...####.#####
#.........# #÷### #.#
#.........# #.# #.#


There were no monsters in sight!

Vanquished Creatures
  2 orc priests (D:3)
  An adder (D:3)
  2 oozes
  A worm (D:2)
  2 dart slugs (D:2)
  4 leopard geckos
  4 orcs (D:3)
  A bat (D:2)
  4 giant cockroaches
  5 goblins
  8 hobgoblins
  A quokka (D:2)
  A frilled lizard (D:1)
  8 rats
44 creatures vanquished.

Vanquished Creatures (collateral kills)
  An orc priest (D:3)
  2 orcs (D:3)
3 creatures vanquished.

Grand Total: 47 creatures vanquished

Notes
Turn   | Place    | Note
-------+----------+-------------------------------------------
     0 | D:1      | Banto the Octopode Transmuter began the quest for the Orb.
     0 | D:1      | Reached XP level 1. HP: 13/13 MP: 3/3
   323 | D:1      | Reached XP level 2. HP: 15/18 MP: 5/5
   693 | D:1      | Reached XP level 3. HP: 20/23 MP: 6/6
  1107 | D:2      | Learned a level 2 spell: Sticks to Snakes
  1111 | D:2      | Learned a level 3 spell: Spider Form
  1941 | D:3      | Reached XP level 4. HP: 29/29 MP: 4/7
  2068 | D:3      | Reached XP level 5. HP: 34/34 MP: 6/9
  2306 | D:3      | Killed from afar by a hobgoblin

Skill      XL: |  1  2  3  4 |
---------------+-------------+-----
Fighting       | 2 |  2.3
Dodging        | |  2.9
Unarmed Combat | |  3.7
Spellcasting   | |  2.8
Transmutations | |  2.9

Action                   |  1- 3 |  4- 6 || total
-------------------------+-------+-------++-------
Melee: Unarmed           |    78 |    28 ||   106
       Tentacles         |    17 |     4 ||    21
       Constrict         |    20 |     9 ||    29
       Kick              |     3 |       ||     3
       Punch             |     2 |     1 ||     3
 Cast: Beastly Appendage |     6 |       ||     6
       Sticks to Snakes  |     1 |     5 ||     6
  Use: Scroll            |     8 |     2 ||    10
 Stab: Sleeping          |    10 |     1 ||    11
  Eat: Chunk             |     3 |     2 ||     5
Armor: Skin              |     3 |       ||     3
Dodge: Dodged            |    29 |    11 ||    40
Block: Other             |    10 |     2 ||    12
